Map: Acid Plant LE

Players

BepMyT - Winner!

  • Race: Protoss Protoss
  • League: Silver
  • Spawn Location: 5:00

Swatopluke

  • Race: Terran Terran
  • League: Platinum
  • Spawn Location: 11:00

VOD

Have the link to the VOD?

Description

Time

  • Played on: Nov. 14, 2018, 1:26 p.m.
  • Length: 15:40
Show
View Real Time Build Order
Export as new Build Order

BepMyT Protoss - Winner!

Build Orders:  

Get SALT Encoding   

  12  0:10  Pylon  
  12  0:20  Probe  
  13  0:31  Gateway  
  13  0:39  Pylon  
  13  0:44  Assimilator  
  13  0:48  Probe  
  14  0:55  Assimilator  
  14  1:03  Probe  
  15  1:15  Probe  
  16  1:24  Cybernetics Core  
  16  1:27  Probe  
  17  1:37  Probe  
  18  1:45  Probe  
  18  1:53  Probe  
  19  1:56  Stalker  
  20  2:02  Stargate  
  22  2:15  Pylon  
  22  2:24  Stalker  
  22  2:27  Probe  
  25  2:47  Stargate  
  25  2:54  Probe  
  26  3:01  Void Ray  
  26  3:07  Probe  
  26  3:10  Stalker  
  33  3:30  Pylon  
  29  3:45  Void Ray  
  33  4:04  Void Ray  
  35  4:29  Void Ray  
  39  4:51  Nexus  
  39  4:54  Probe  
  40  5:07  Probe  
  41  5:19  Probe  
  42  5:31  Probe  
  14  6:55  Nexus  
  14  7:01  Pylon  
  14  7:24  Pylon  
  14  8:04  Probe  
  14  8:12  Probe  
  15  8:14  Forge  
  16  8:21  Probe  
  17  8:33  Probe  
  18  8:38  Assimilator  
  18  8:45  Probe  
  19  8:58  Probe  
  20  9:10  Probe  
  21  9:22  Probe  
  22  9:54  Pylon  
  22  10:05  Pylon  
  22  10:07  Pylon  
  14  10:51  Gateway  
  14  10:53  Gateway  
  14  10:57  Forge  
  13  11:46  Probe  
  14  11:48  Zealot  
  14  11:49  Zealot  
  18  11:58  Probe  
  19  12:09  Probe  
  19  12:15  Zealot  
  22  12:17  Probe  
  23  12:23  Photon Cannon  
  23  12:25  Probe  
  24  12:36  Probe  
  25  12:48  Probe  
  26  12:58  Cybernetics Core  
  26  13:00  Probe  
  28  13:12  Probe  
  28  13:24  Probe  
  29  13:32  Nexus  
  29  13:37  Probe  
  30  13:46  Stalker  
  30  13:47  Stalker  
  34  14:03  Assimilator  
  34  14:33  Probe  
  35  14:45  Probe  
  35  14:50  Probe  
  37  14:54  Stalker x2  
  37  14:58  Probe  
  42  15:02  Probe  
  43  15:10  Probe, Pylon  
  44  15:14  Probe, Pylon  
  45  15:22  Probe  
  45  15:26  Probe  
  47  15:36  Twilight Council  
  48  15:39  Stargate  
Show
View Real Time Build Order
Export as new Build Order

Swatopluke Terran 

Build Orders:  

Get SALT Encoding   

  12  0:00  SCV  
  13  0:13  SCV  
  14  0:19  Supply Depot  
  14  0:25  SCV  
  15  0:35  Refinery  
  15  0:42  Barracks  
  15  0:45  SCV  
  16  0:57  SCV  
  17  1:05  Barracks  
  17  1:09  SCV  
  18  1:21  SCV  
  19  1:31  Barracks Tech Lab  
  19  1:32  Supply Depot  
  19  1:35  SCV  
  20  1:41  Barracks  
  20  1:50  Marauder  
  22  1:54  Barracks Tech Lab  
  22  2:04  Orbital Command  
  22  2:12  Marauder  
  24  2:18  Marauder  
  26  2:29  Barracks Tech Lab  
  26  2:31  Supply Depot  
  26  2:36  Marauder  
  28  2:42  Marauder  
  30  2:53  Marauder  
  30  2:55  Supply Depot  
  32  3:08  Marauder x2  
  36  3:17  Marauder  
  38  3:29  Marauder  
  40  3:40  Marauder x2  
  42  3:51  Marauder  
  44  4:02  Marauder  
  46  4:08  Marauder  
  46  4:15  Marine  
  43  4:22  Marine  
  40  4:28  Barracks, Marine  
  41  4:33  Marine, Barracks  
  42  4:40  Marine  
  43  4:46  Marine  
  43  4:50  Marine  
  45  4:58  Marine  
  46  5:04  Marine  
  47  5:22  Marine  
  47  5:23  Barracks Reactor  
  47  5:24  Marine, Barracks Reactor  
  47  5:25  Marine  
  44  5:42  Marine  
  45  5:43  Marine  
  40  6:00  Marine  
  40  6:01  Marine  
  38  6:31  Command Center  
  34  7:58  SCV  
  33  8:00  Marine  
  34  8:06  Barracks Tech Lab  
  34  8:07  Barracks Reactor  
  34  8:10  Marine  
  35  8:15  SCV  
  35  8:18  Marine  
  37  8:33  Supply Depot  
  37  8:49  Marine x2  
  37  8:54  Marine  
  39  9:07  Marine x2  
  19  9:36  Marine x3  
  9  9:54  Marine x2  
Tags
 
Matchup
PvT
Replay Pack
Swatopluke
Spawn Locations
Cross Positions
Add a new tag
Caveats
  • Supply blocks, unpowered buildings, or Contaminate may cause inaccurate times.
  • Supply counts are checked every 10 seconds.